 Dungeon Crawl Stone Soup version 0.25.1-2-g60ff931df9 (webtiles) character file.

Game seed: 6737790880248318336

823 gbos the Spear-Bearer (level 7, -6/54 HPs)
             Began as a Minotaur Fighter on Nov 17, 2020.
             Was an Initiate of Hepliaklqana.
             Mangled by an orc warrior
             ... wielding a +2 halberd of protection
              (7 damage)
             ... on level 6 of the Dungeon.
             The game lasted 00:01:10 (4412 turns).

gbos the Spear-Bearer (Minotaur Fighter)            Turns: 4412, Time: 00:01:11

Health: -6/54      AC: 11    Str: 23    XL:     7   Next: 63%
Magic:  6/6        EV:  6    Int:  5    God:    Hepliaklqana [......]
Gold:   224        SH: 10    Dex:  9    Spells: 6/6 levels left

rFire    . . .     SeeInvis .   Y - +2 trident
rCold    . . .     Gourm    .   c - +0 kite shield
rNeg     . . .     Faith    .   m - +0 chain mail
rPois    +         Spirit   .   (helmet restricted)
rElec    .         Reflect  .   (no cloak)
rCorr    .         Harm     .   a - +1 pair of gloves
MR       .....                  (no boots)
Stlth    ..........             (no amulet)
HPRegen  0.18/turn              j - ring of poison resistance
MPRegen  0.10/turn              (no ring)

@: about to teleport
A: retaliatory headbutt, reduced essence, horns 2
a: Recall Ancestor, Ancestor Identity, Renounce Religion


You were on level 6 of the Dungeon.
You worshipped Hepliaklqana.
Hepliaklqana was noncommittal.
You were not hungry.

You visited 2 branches of the dungeon, and saw 7 of its levels.

You collected 224 gold pieces.


Innate Abilities, Weirdness & Mutations

You reflexively headbutt those who attack you in melee.
You have a pair of horns on your head.
Your life essence is reduced to manifest your ancestor. (-10% HP)


   Skills:
 - Level 5.1 Fighting
 + Level 9.1 Polearms
 - Level 3.6 Armour
 - Level 1.0 Dodging
 - Level 5.0 Shields


You had 6 spell levels left.
You didn't know any spells.
Your spell library was empty.

Inventory:

Hand Weapons
 Y - a +2 trident (weapon)
Missiles
 p - a boomerang (quivered)
Armour
 a - a +1 pair of gloves (worn)
 c - a +0 kite shield (worn)
 m - a +0 chain mail (worn)
Jewellery
 j - a ring of poison resistance (left hand)
Wands
 h - a wand of random effects (17)
Scrolls
 g - 2 scrolls of blinking
Potions
 b - a potion of heal wounds {unknown}
 d - 2 potions of might
 i - 2 potions of haste
 k - a potion of cancellation
 l - a potion of curing
 n - a potion of invisibility {unknown}
Comestibles
 e - 6 rations

Dungeon Overview and Level Annotations

Branches:
Dungeon (6/15)             Temple (1/1) D:6

Altars:
Ashenzari
Cheibriados
Dithmenos
Elyvilon
Fedhas
Gozag
Hepliaklqana
Kikubaaqudgha
Makhleb
Nemelex Xobeh
Okawaru
Qazlal
Ru
Sif Muna
Trog
Uskayaw
Vehumet
Wu Jian
Xom
Yredelemnul
The Shining One


Message History

You puncture the orc warrior!
The orc warrior is moderately wounded.
The orc warrior hits you from afar with a +2 halberd of protection!!
You hit the orc warrior but do no damage.
The orc warrior is moderately wounded.
Elliptic hits the orc warrior but does no damage.
The orc warrior hits you from afar with a +2 halberd of protection!!
You closely miss the orc warrior.
The orc warrior is moderately wounded.
Elliptic closely misses the orc warrior.
You hit the orc warrior but do no damage.
The orc warrior is moderately wounded.
Elliptic hits the orc warrior but does no damage.
The orc warrior hits you from afar with a +2 halberd of protection!
4412 ||| READING scroll of teleportation.
As you read the scroll of teleportation, it crumbles to dust.
You feel strangely unstable.
Elliptic hits the orc warrior but does no damage.
The orc warrior hits you from afar with a +2 halberd of protection!
You die...

......# ###.#.# ..# #[#
#.# #.# #.# #.# #.# #.#
#.#.#.#
#.#.#.####################
#.#.#!>.........@R........
#.#.##.###########o#####.
#.#.##.......# #.#
#.#.##.#####.# #.#
#.#.##..####.## #.#
..............# #.#
.##....#...##.# #.#
....##.#......####o#
##[......##.#...##o#


You could see the friendly elliptic the ancestor and an orc warrior.

Vanquished Creatures
  An ice beast (D:6)
  A phantom (D:5)
  Blork the orc (D:3)
  3 wights (D:6)
  A howler monkey (D:3)
  A quasit (D:3)
  A centaur skeleton (D:4)
  2 orc wizards
  Jessica (D:2)
  A worker ant (D:3)
  A mummy (D:4)
  9 adders
  A gnoll (D:4)
  A shadow imp (D:5)
  2 adder skeletons
  2 worms
  3 dart slugs
  4 leopard geckos
  10 orcs
  A ball python (D:2)
  8 bats
  5 giant cockroaches
  6 goblins
  5 hobgoblins
  16 jackals
  2 quokkas
  6 frilled lizards
  9 kobolds
  5 rats
109 creatures vanquished.

Notes
Turn   | Place    | Note
-------+----------+-------------------------------------------
     0 | D:1      | gbos the Minotaur Fighter began the quest for the Orb.
     0 | D:1      | Reached XP level 1. HP: 19/19 MP: 0/0
     0 | D:1      | 0 ||| counter = 194
    21 | D:1      | 21 ||| Stepping ~*~*~tactically~*~*~ (stealth).
    26 | D:1      | 26 ||| Stepping ~*~*~tactically~*~*~ (hiding).
    27 | D:1      | 27 ||| Waiting for ranged monster.
    31 | D:1      | Reached skill level 3 in Polearms
    32 | D:1      | 32 ||| Waiting for ranged monster.
   107 | D:1      | 107 ||| Stepping ~*~*~tactically~*~*~ (stealth).
   110 | D:1      | 110 ||| Stepping ~*~*~tactically~*~*~ (stealth).
   111 | D:1      | 111 ||| Stepping ~*~*~tactically~*~*~ (stealth).
   116 | D:1      | Reached XP level 2. HP: 22/26 MP: 1/1
   121 | D:1      | 121 ||| Stepping ~*~*~tactically~*~*~ (stealth).
   122 | D:1      | 122 ||| Stepping ~*~*~tactically~*~*~ (stealth).
   204 | D:1      | 204 ||| Stepping ~*~*~tactically~*~*~ (stealth).
   272 | D:1      | 272 ||| Stepping ~*~*~tactically~*~*~ (hiding).
   273 | D:1      | 273 ||| Waiting for ranged monster.
   419 | D:1      | Reached skill level 4 in Polearms
   424 | D:1      | 424 ||| Stepping ~*~*~tactically~*~*~ (stealth).
   472 | D:1      | Reached XP level 3. HP: 29/31 MP: 2/2
   597 | D:1      | Found a glowing golden altar of the Shining One.
   713 | D:1      | 713 ||| READING scroll labeled HUAJIETESO.
   714 | D:1      | 714 ||| READING 2 scrolls labeled KYDEUD WIVUING.
   715 | D:1      | 715 ||| READING scroll labeled UCIYDWIEZ.
   716 | D:1      | 716 ||| READING scroll labeled MUIKAA KINO.
   848 | D:2      | Reached skill level 5 in Polearms
   870 | D:2      | Reached skill level 1 in Dodging
   882 | D:2      | Reached XP level 4. HP: 39/39 MP: 3/3
   966 | D:2      | Noticed Jessica
   971 | D:2      | Killed Jessica
   972 | D:2      | 972 ||| FLEEEEING.
   973 | D:2      | 973 ||| FLEEEEING.
   974 | D:2      | 974 ||| FLEEEEING.
   975 | D:2      | 975 ||| FLEEEEING.
   976 | D:2      | 976 ||| FLEEEEING.
   977 | D:2      | 977 ||| FLEEEEING.
   978 | D:2      | 978 ||| FLEEEEING.
   979 | D:2      | 979 ||| FLEEEEING.
   980 | D:2      | 980 ||| FLEEEEING.
   981 | D:2      | 981 ||| FLEEEEING.
   982 | D:2      | 982 ||| FLEEEEING.
   983 | D:2      | 983 ||| FLEEEEING.
   984 | D:2      | 984 ||| FLEEEEING.
   985 | D:2      | 985 ||| FLEEEEING.
   986 | D:2      | 986 ||| FLEEEEING.
   987 | D:2      | 987 ||| FLEEEEING.
   988 | D:2      | 988 ||| FLEEEEING.
   989 | D:2      | 989 ||| FLEEEEING.
   990 | D:2      | 990 ||| FLEEEEING.
   991 | D:2      | 991 ||| FLEEEEING.
   992 | D:2      | 992 ||| FLEEEEING.
   993 | D:2      | 993 ||| FLEEEEING.
   994 | D:2      | 994 ||| FLEEEEING.
   995 | D:2      | 995 ||| FLEEEEING.
   996 | D:2      | 996 ||| FLEEEEING.
   997 | D:2      | 997 ||| FLEEEEING.
   998 | D:2      | 998 ||| FLEEEEING.
   999 | D:2      | 999 ||| FLEEEEING.
  1000 | D:2      | 1000 ||| FLEEEEING.
  1001 | D:2      | 1001 ||| FLEEEEING.
  1002 | D:2      | 1002 ||| FLEEEEING.
  1003 | D:2      | 1003 ||| FLEEEEING.
  1004 | D:2      | 1004 ||| FLEEEEING.
  1005 | D:2      | 1005 ||| FLEEEEING.
  1006 | D:2      | 1006 ||| FLEEEEING.
  1007 | D:2      | 1007 ||| FLEEEEING.
  1008 | D:2      | 1008 ||| FLEEEEING.
  1009 | D:2      | 1009 ||| FLEEEEING.
  1010 | D:2      | 1010 ||| FLEEEEING.
  1011 | D:2      | 1011 ||| FLEEEEING.
  1012 | D:2      | 1012 ||| FLEEEEING.
  1013 | D:2      | 1013 ||| FLEEEEING.
  1018 | D:2      | 1018 ||| STAIRDANCE
  1127 | D:1      | 1127 ||| UPGRADING to pair of gloves.
  1132 | D:1      | 1132 ||| READING 3 scrolls of identify.
  1132 | D:1      | 1132 ||| IDENTIFYING metallic ruby potion
  1133 | D:1      | 1133 ||| READING 2 scrolls of identify.
  1133 | D:1      | 1133 ||| IDENTIFYING cyan potion
  1134 | D:1      | 1134 ||| DROPPING potion of stabbing.
  1485 | D:2      | 1485 ||| Stepping ~*~*~tactically~*~*~ (reaching).
  1487 | D:2      | 1487 ||| Stepping ~*~*~tactically~*~*~ (reaching).
  1488 | D:2      | 1488 ||| Stepping ~*~*~tactically~*~*~ (reaching).
  1490 | D:2      | 1490 ||| Stepping ~*~*~tactically~*~*~ (reaching).
  1491 | D:2      | 1491 ||| Stepping ~*~*~tactically~*~*~ (reaching).
  1493 | D:2      | 1493 ||| Stepping ~*~*~tactically~*~*~ (reaching).
  1599 | D:2      | 1599 ||| UPGRADING to glowing scarf.
  1604 | D:2      | 1604 ||| REMOVING scarf of harm.
  1609 | D:2      | 1609 ||| DROPPING scarf of harm.
  1610 | D:2      | 1610 ||| READING scroll labeled RISMOIXZI.
  1633 | D:3      | 1633 ||| Stepping ~*~*~tactically~*~*~ (stealth).
  1634 | D:3      | 1634 ||| Stepping ~*~*~tactically~*~*~ (stealth).
  1637 | D:3      | Reached skill level 6 in Polearms
  1653 | D:3      | Reached XP level 5. HP: 45/45 MP: 4/4
  1684 | D:3      | 1684 ||| Stepping ~*~*~tactically~*~*~ (stealth).
  1692 | D:3      | 1692 ||| Stepping ~*~*~tactically~*~*~ (stealth).
  1734 | D:3      | 1734 ||| Stepping ~*~*~tactically~*~*~ (stealth).
  1750 | D:3      | 1750 ||| Stepping ~*~*~tactically~*~*~ (stealth).
  1751 | D:3      | 1751 ||| Stepping ~*~*~tactically~*~*~ (stealth).
  1779 | D:3      | 1779 ||| Stepping ~*~*~tactically~*~*~ (reaching).
  1781 | D:3      | 1781 ||| Stepping ~*~*~tactically~*~*~ (reaching).
  1782 | D:3      | 1782 ||| Stepping ~*~*~tactically~*~*~ (reaching).
  1784 | D:3      | 1784 ||| Stepping ~*~*~tactically~*~*~ (reaching).
  1800 | D:3      | 1800 ||| Stepping ~*~*~tactically~*~*~ (stealth).
  2195 | D:3      | Reached skill level 7 in Polearms
  2196 | D:3      | 2196 ||| FLEEEEING.
  2197 | D:3      | 2197 ||| FLEEEEING.
  2198 | D:3      | 2198 ||| FLEEEEING.
  2199 | D:3      | 2199 ||| FLEEEEING.
  2200 | D:3      | 2200 ||| FLEEEEING.
  2201 | D:3      | 2201 ||| FLEEEEING.
  2202 | D:3      | 2202 ||| FLEEEEING.
  2203 | D:3      | 2203 ||| FLEEEEING.
  2204 | D:3      | 2204 ||| FLEEEEING.
  2205 | D:3      | 2205 ||| FLEEEEING.
  2206 | D:3      | 2206 ||| FLEEEEING.
  2207 | D:3      | 2207 ||| FLEEEEING.
  2208 | D:3      | 2208 ||| FLEEEEING.
  2209 | D:3      | 2209 ||| FLEEEEING.
  2210 | D:3      | 2210 ||| FLEEEEING.
  2211 | D:3      | 2211 ||| FLEEEEING.
  2212 | D:3      | 2212 ||| FLEEEEING.
  2213 | D:3      | 2213 ||| FLEEEEING.
  2214 | D:3      | 2214 ||| FLEEEEING.
  2215 | D:3      | 2215 ||| FLEEEEING.
  2216 | D:3      | 2216 ||| FLEEEEING.
  2217 | D:3      | 2217 ||| FLEEEEING.
  2218 | D:3      | 2218 ||| FLEEEEING.
  2219 | D:3      | 2219 ||| FLEEEEING.
  2220 | D:3      | 2220 ||| FLEEEEING.
  2221 | D:3      | 2221 ||| FLEEEEING.
  2222 | D:3      | 2222 ||| FLEEEEING.
  2223 | D:3      | 2223 ||| FLEEEEING.
  2224 | D:3      | 2224 ||| FLEEEEING.
  2225 | D:3      | 2225 ||| FLEEEEING.
  2226 | D:3      | 2226 ||| FLEEEEING.
  2227 | D:3      | 2227 ||| FLEEEEING.
  2228 | D:3      | 2228 ||| FLEEEEING.
  2229 | D:3      | 2229 ||| FLEEEEING.
  2230 | D:3      | 2230 ||| FLEEEEING.
  2231 | D:3      | 2231 ||| FLEEEEING.
  2232 | D:3      | 2232 ||| FLEEEEING.
  2233 | D:3      | 2233 ||| FLEEEEING.
  2234 | D:3      | 2234 ||| FLEEEEING.
  2235 | D:3      | 2235 ||| FLEEEEING.
  2236 | D:3      | 2236 ||| FLEEEEING.
  2237 | D:3      | 2237 ||| FLEEEEING.
  2238 | D:3      | 2238 ||| FLEEEEING.
  2239 | D:3      | 2239 ||| FLEEEEING.
  2240 | D:3      | 2240 ||| FLEEEEING.
  2241 | D:3      | 2241 ||| FLEEEEING.
  2242 | D:3      | 2242 ||| FLEEEEING.
  2243 | D:3      | 2243 ||| FLEEEEING.
  2437 | D:3      | 2437 ||| UPGRADING to +1 scale mail of cold resistance.
  2447 | D:3      | 2447 ||| DROPPING +0 scale mail.
  2448 | D:3      | 2448 ||| UPGRADING to chain mail.
  2458 | D:3      | 2458 ||| DROPPING +1 scale mail of cold resistance.
  2459 | D:3      | 2459 ||| READING 3 scrolls labeled UWAUKK JUMO.
  2460 | D:3      | 2460 ||| READING scroll labeled LIENOULLOWIAB.
  2465 | D:3      | 2465 ||| READING 2 scrolls of identify.
  2465 | D:3      | 2465 ||| IDENTIFYING fizzy green potion
  2466 | D:3      | 2466 ||| DROPPING 2 scrolls of immolation.
  2467 | D:3      | 2467 ||| DROPPING potion of flight.
  2492 | D:4      | 2492 ||| STAIRDANCE
  2502 | D:4      | 2502 ||| STAIRDANCE
  2509 | D:3      | Reached XP level 6. HP: 53/53 MP: 5/5
  2515 | D:4      | Noticed Blork the orc
  2516 | D:4      | 2516 ||| STAIRDANCE
  2599 | D:4      | 2599 ||| STAIRDANCE
  2615 | D:4      | 2615 ||| STAIRDANCE
  2629 | D:4      | 2629 ||| STAIRDANCE
  2716 | D:4      | 2716 ||| STAIRDANCE
  2729 | D:3      | Killed Blork the orc
  2942 | D:4      | Reached skill level 8 in Polearms
  2954 | D:4      | 2954 ||| READING scroll of enchant armour.
  2954 | D:4      | 2954 ||| ENCHANTING +0 pair of gloves.
  2975 | D:4      | 2975 ||| READING scroll of enchant weapon.
  2975 | D:4      | 2975 ||| ENCHANTING +1 trident.
  2982 | D:4      | 2982 ||| Stepping ~*~*~tactically~*~*~ (stealth).
  2983 | D:4      | 2983 ||| Stepping ~*~*~tactically~*~*~ (stealth).
  2984 | D:4      | 2984 ||| Stepping ~*~*~tactically~*~*~ (stealth).
  2985 | D:4      | 2985 ||| Stepping ~*~*~tactically~*~*~ (stealth).
  3110 | D:4      | 3110 ||| Stepping ~*~*~tactically~*~*~ (stealth).
  3112 | D:4      | 3112 ||| Stepping ~*~*~tactically~*~*~ (stealth).
  3114 | D:4      | 3114 ||| Stepping ~*~*~tactically~*~*~ (stealth).
  3119 | D:4      | 3119 ||| Stepping ~*~*~tactically~*~*~ (hiding).
  3123 | D:4      | 3123 ||| Stepping ~*~*~tactically~*~*~ (outnumbered).
  3124 | D:4      | 3124 ||| Stepping ~*~*~tactically~*~*~ (outnumbered).
  3335 | D:4      | 3335 ||| Stepping ~*~*~tactically~*~*~ (reaching).
  3336 | D:4      | 3336 ||| Stepping ~*~*~tactically~*~*~ (reaching).
  3338 | D:4      | 3338 ||| Stepping ~*~*~tactically~*~*~ (reaching).
  3339 | D:4      | 3339 ||| Stepping ~*~*~tactically~*~*~ (reaching).
  3341 | D:4      | 3341 ||| Stepping ~*~*~tactically~*~*~ (reaching).
  3342 | D:4      | 3342 ||| Stepping ~*~*~tactically~*~*~ (reaching).
  3418 | D:4      | 3418 ||| READING scroll labeled BUOCLA TOURUGH.
  3419 | D:4      | 3419 ||| READING scroll of identify.
  3419 | D:4      | 3419 ||| IDENTIFYING pearl ring
  3420 | D:4      | 3420 ||| UPGRADING to ring of poison resistance.
  3444 | D:5      | Entered Level 5 of the Dungeon
  3504 | D:5      | 3504 ||| Stepping ~*~*~tactically~*~*~ (hiding).
  3505 | D:5      | 3505 ||| Stepping ~*~*~tactically~*~*~ (hiding).
  3508 | D:5      | Reached XP level 7. HP: 60/60 MP: 6/6
  3509 | D:5      | 3509 ||| Waiting for ranged monster.
  3649 | D:5      | 3649 ||| EATING 6 rations.
  3968 | D:5      | 3968 ||| READING scroll labeled WOXEUN TUBB.
  3969 | D:5      | 3969 ||| READING scroll labeled ZATHYU JEZEIMO.
  3970 | D:5      | 3970 ||| DRINKING 2 fuming green potions.
  4030 | D:6      | 4030 ||| Stepping ~*~*~tactically~*~*~ (stealth).
  4034 | D:6      | 4034 ||| Stepping ~*~*~tactically~*~*~ (outnumbered).
  4035 | D:6      | 4035 ||| Stepping ~*~*~tactically~*~*~ (outnumbered).
  4036 | D:6      | 4036 ||| Stepping ~*~*~tactically~*~*~ (outnumbered).
  4041 | D:6      | Reached skill level 9 in Polearms
  4085 | D:6      | Found a staircase to the Ecumenical Temple.
  4091 | Temple   | Entered the Ecumenical Temple
  4092 | Temple   | 4092 ||| Entered T.
  4123 | Temple   | Became a worshipper of Hepliaklqana the Forgotten
  4124 | Temple   | 4124 ||| INVOKING Ancestor Identity.
  4124 | Temple   | 4124 ||| INVOKING Recall Ancestor.
  4400 | D:6      | 4400 ||| Stepping ~*~*~tactically~*~*~ (stealth).
  4401 | D:6      | 4401 ||| Stepping ~*~*~tactically~*~*~ (hiding).
  4402 | D:6      | 4402 ||| Waiting for ranged monster.
  4411 | D:6      | HP: 1/54 [orc warrior/+2 halberd of protection (13)]
  4412 | D:6      | 4412 ||| READING scroll of teleportation.
  4412 | D:6      | Mangled by an orc warrior

Levels and vault maps discovered:
D:1:      nzn_arrival_depleted_hourglass, layout_basic, minmay_misc_feat_chi,
          tso_altar
D:2:      layout_basic, uniq_jessica
D:3:      layout_basic
D:4:      layout_cave_pools, gup_ossuary_entry_pyramid, hangedman_decor_growths,
          st_stairs_13, uniq_blork_the_orc
D:5:      layout_rooms, first_ration, kennysheep_crisscross
D:6:      layout_basic, minmay_temple_entry_ruins
Temple:   nicolae_temple_the_god_donut

Skill      XL: |  1  2  3  4  5  6  7 |
---------------+----------------------+-----
Polearms       | 3 4 5 6 7 8 9 |  9.1
Dodging        | 1 |  1.0
Fighting       | 4 5 |  5.1
Shields        | 4 5 |  5.0
Armour         | |  3.6

Action                   |  1- 3 |  4- 6 |  7- 9 || total
-------------------------+-------+-------+-------++-------
Melee: Trident           |   101 |   188 |    35 ||   324
       Headbutt          |     6 |    18 |     4 ||    28
Throw: Boomerang         |       |    14 |    13 ||    27
Invok: Recall Ancestor   |       |       |     1 ||     1
       Ancestor Identity |       |       |     1 ||     1
  Use: Scroll            |     4 |    10 |     3 ||    17
       Potion            |       |       |     1 ||     1
  Eat: Chunk             |       |     8 |       ||     8
       Ration            |       |       |     1 ||     1
Armor: Scale mail        |    21 |    22 |       ||    43
       Chain mail        |       |    56 |     6 ||    62
Dodge: Dodged            |    21 |    46 |     1 ||    68
Block: Kite shield       |    32 |    79 |     9 ||   120

Table legend:
 A = Non-vault XP
 B = Vault XP
 C = Vault XP percentage of total XP
 D = Non-vault monster count
 E = Vault monster count
 F = Vault count percentage of total count
                 A         B        C        D         E       F
            +---------+---------+-------+---------+---------+-------
      Total |    1011 |     165 |  14.0 |     105 |       4 |   3.7
            +---------+---------+-------+---------+---------+-------
        D:1 |      51 |       0 |   0.0 |      26 |       0 |   0.0
        D:2 |      80 |      37 |  31.6 |      21 |       1 |   4.5
        D:3 |     306 |      96 |  23.9 |      37 |       1 |   2.6
        D:4 |     119 |      32 |  21.2 |      13 |       2 |  13.3
        D:5 |     145 |       0 |   0.0 |       4 |       0 |   0.0
        D:6 |     310 |       0 |   0.0 |       4 |       0 |   0.0
            +---------+---------+-------+---------+---------+-------
